 Dungeon Sprint DCSS version 0.27-a0-633-gc6addc0a40 (webtiles) character file.

Game seed: 15256756202685312

2642668 mhtbhm the Axe Maniac (level 22, 233/233 HPs)
             Began as a Minotaur Fighter on Mar 13, 2021.
             Was the Champion of Trog.
             Escaped with the Orb
             ... and 2 runes!
             The game lasted 00:35:43 (12551 turns).

mhtbhm the Axe Maniac (Minotaur Fighter)           Turns: 12551, Time: 00:35:44

Health: 233/233    AC: 46    Str: 30    XL:     22   Next: 13%
Magic:  35/35      EV: 18    Int:  8    God:    Trog [******]
Gold:   195        SH: 35    Dex: 13    Spells: 21/21 levels left

rFire    + + .     SeeInvis +   a - +11 broad axe of Onichid {speed, rPois rC+ SInv}
rCold    + + +     Faith    .   c - +7 tower shield
rNeg     + + +     Spirit   .   b - +12 gold dragon scales
rPois    +         Reflect  .   A - -2 hat of the Alchemist {rElec rPois rF+ rC+ rN+ Will+ rMut rCorr}
rElec    +         Harm     .   x - +4 cloak
rCorr    +         Rampage  .   (no gloves)
rMut     +         NoTele   +   C - +1 pair of boots
Will     +++..                  I - amulet "Lishusosch" {rPois rN+ Regen+ Int+3}
Stlth    +.........             D - ring "Myixkos" {rPois rC- rN+ Slay+4}
HPRegen  1.48/turn              H - ring of Hiweke {rC++ Will+ Str+2 Slay+3 Stlth-}
MPRegen  0.24/turn

@: berserk cooldown
A: horns 2, retaliatory headbutt, screaming 1
0: Orb of Zot
}: 2/3 runes: silver, iron
a: Renounce Religion, Berserk, Trog's Hand, Brothers in Arms


You escaped.
You worshipped Trog.
Trog was exalted by your worship.
You visited 1 branch You collected 195 gold pieces.

Inventory:

Hand Weapons
 a - the +11 broad axe of Onichid (weapon) {speed, rPois rC+ SInv}
   (You found it in the Dungeon)

   Attacks with this weapon are significantly faster.
   It protects you from cold.
   It protects you from poison.
   It lets you see invisible.
 t - the +8 hand axe of Diet Blood {vorpal, +Fly rF+ Str-4 Int+4}
   (Trog gifted it to you in the Dungeon)

   It inflicts extra damage upon your enemies.
   It affects your strength (-4).
   It affects your intelligence (+4).
   It protects you from fire.
   It lets you fly.
Missiles
 q - 12 silver javelins (quivered)
Armour
 b - +12 gold dragon scales (worn)
 c - a +7 tower shield (worn)
 x - a +4 cloak (worn)
 A - the -2 hat of the Alchemist (worn) {rElec rPois rF+ rC+ rN+ Will+ rMut rCorr}
   (You found it in the Dungeon)

   It protects you from fire.
   It protects you from cold.
   It insulates you from electricity.
   It protects you from poison.
   It protects you from negative energy.
   It affects your willpower, your defense against some magical effects.
   It provides partial protection from all sources of acid and corrosion.
   It protects you from mutation.
 C - a +1 pair of boots (worn)
Jewellery
 w - the ring of the Death Scarab {rC+ rN+ AC+6 Int+4}
   (You found it in the Dungeon)

   [ring of protection]

   It affects your AC (+6).
   It affects your intelligence (+4).
   It protects you from cold.
   It protects you from negative energy.
 D - the ring "Myixkos" (right hand) {rPois rC- rN+ Slay+4}
   (You found it in the Dungeon)

   [ring of slaying]

   It affects your accuracy and damage with ranged weapons and melee attacks
   (+4).
   It makes you vulnerable to cold.
   It protects you from poison.
   It protects you from negative energy.
 E - the amulet of Tasesed {Reflect Str+3 SH+5}
   (You found it in the Dungeon)

   [amulet of reflection]

   It shields you and reflects attacks.
   It affects your strength (+3).
   It affects your SH (+5).
 H - the ring of Hiweke (left hand) {rC++ Will+ Str+2 Slay+3 Stlth-}
   (You found it in the Dungeon)

   [ring of willpower]

   It affects your strength (+2).
   It affects your accuracy and damage with ranged weapons and melee attacks
   (+3).
   It greatly protects you from cold.
   It affects your willpower, your defense against some magical effects.
   It makes you less stealthy.
 I - the amulet "Lishusosch" (around neck) {rPois rN+ Regen+ Int+3}
   (You found it in the Dungeon)

   [amulet of regeneration]

   It affects your intelligence (+3).
   It protects you from poison.
   It protects you from negative energy.
   It increases your rate of regeneration.
Wands
 n - a wand of random effects (28)
 p - a wand of polymorph (22)
Scrolls
 j - 3 scrolls of blinking
 l - a scroll of summoning
 r - 4 scrolls of identify
 u - 6 scrolls of enchant weapon
 v - 5 scrolls of fog
 y - a scroll of fear
Potions
 d - 3 potions of might
 e - 11 potions of curing
 f - 23 potions of heal wounds
 g - 8 potions of haste
 h - 9 potions of magic
 i - 8 potions of berserk rage
 k - 2 potions of invisibility
 o - 9 potions of mutation
 z - a potion of ambrosia
 B - a potion of cancellation
 F - a potion of resistance
Miscellaneous
 m - a phantom mirror
 s - a phial of floods
 O - a tin of tremorstones (2/2)


   Skills:
 O Level 27 Fighting
 - Level 4.1(5.0) Short Blades
 - Level 4.5(5.4) Long Blades
 O Level 27 Axes
 - Level 4.2(19.2) Maces & Flails
 - Level 4.2(19.2) Polearms
 - Level 4.2(5.8) Staves
 + Level 22.1(27) Slings
 + Level 22.1 Bows
 + Level 22.1 Crossbows
 O Level 27 Throwing
 O Level 27 Armour
 O Level 27 Dodging
 O Level 27 Stealth
 O Level 27 Shields
 - Level 3.8 Unarmed Combat
 + Level 20.6 Invocations
 O Level 27 Evocations


You had 21 spell levels left.
You didn't know any spells.
Your spell library was empty.

Dungeon Overview and Level Annotations

Branches:
Dungeon (1/1)

Altars:
Ashenzari
Cheibriados
Dithmenos
Elyvilon
Fedhas
Gozag
Hepliaklqana
Kikubaaqudgha
Makhleb
Nemelex Xobeh
Okawaru
Qazlal
Ru
Sif Muna
Trog
Uskayaw
Vehumet
Wu Jian
Xom
Yredelemnul
Zin
The Shining One
Beogh
Jiyva
Lugonu


Innate Abilities, Weirdness & Mutations

You have a pair of horns on your head.
You reflexively headbutt those who attack you in melee.
You occasionally shout uncontrollably at your foes.


Message History

No target in view!
No target in view!
No target in view!
No target in view!
No target in view!
No target in view!
You feel a strong urge to attack something.
You feel sick.
You feel your anger nearly subside.
You are no longer berserk.
You are exhausted.
You feel yourself slow down.
You feel sick.
You feel sick.
You feel sick.
You feel sick.
You feel sick.
You see here the +8 hand axe of Diet Blood {vorpal, +Fly rF+ Str-4 Int+4}.
You feel sick.
You feel sick.
There is an open door to the Entrance Hall (Safe) here.
A ynoxinul comes into view.
You feel sick. You block the ynoxinul's attack.
There is a staircase leading out of the dungeon here.
You feel sick.
You are no longer poisoned.
The ynoxinul gestures at you. You block the iron shot.
The ynoxinul gestures at you. The iron shot hits you!
You chop the ynoxinul into pieces!!!
You kill the ynoxinul!
Trog accepts your kill.
There is an open door to the Entrance Hall (Safe) here.
You see here the +8 hand axe of Diet Blood {vorpal, +Fly rF+ Str-4 Int+4}.
t - the +8 hand axe of Diet Blood {vorpal, +Fly rF+ Str-4 Int+4} You feel yourself speed up.
There is an open door to the Entrance Hall (Safe) here.
There is a staircase leading out of the dungeon here.
You have escaped!

##########.##................''..
#.........(.'................''..
#'#####)#####......#..#......##..
#.#..#...'.##................##..
#.#..#...#.#####'#####''#########
#.#..#####.##.......##''#########
#.#..†...#.##.......##..#........
#.#..†...÷.##.......##..##....)..
#.#..########...@...##..####...#)
#.#..'[))).##.......##..#..#####)
#.#..#[))).##.......##..#....##..
#)###########.......##..'.....#..
#))#.#.##..###########..))....'..
#).)....#.############..'.....#..
##.#.#.##†#....#..[[##..#....##..
#.......#)#†...#..[[##..#..#####.
##.#.#.##.'†...'..))##..####..)#'


There were no monsters in sight!

Vanquished Creatures
  Asmodeus (D)
  the Royal Jelly (D)
  Ereshkigal (D)
  3 orbs of fire (D)
  6 ancient liches (D)
  3 pandemonium lords (D)
  Khufu (D)
  Mara (D)
  Mennas (D)
  4 royal mummies (D)
  Boris (D)
  the Lernaean hydra (D)
  Margery (D)
  Frederick (D)
  2 Killer Klowns (D)
  Xtahua (D)
  A curse toe (D)
  5 golden dragons (D)
  A pearl dragon (D)
  A profane servitor (D)
  Nikola (D)
  3 Tzitzimimeh (D)
  3 bone dragons (D)
  6 electric golems (D)
  2 Brimstone Fiends (D)
  3 hellephants (D)
  5 Hell Sentinels (D)
  3 liches (D)
  9 Ice Fiends (D)
  27 Orb Guardians (D)
  4 titans (D)
  2 quicksilver dragons (D)
  5 acid blobs (D)
  3 deep elf blademasters (D)
  3 deep elf master archers (D)
  A death cob (D)
  A sphinx (D)
  A shadow dragon (D)
  2 Executioners (D)
  4 storm dragons (D)
  An azure jelly (D)
  A draconian monk (D)
  3 rockslimes (D)
  3 iron dragons (D)
  6 nagarajas (D)
  A draconian knight (D)
  A daeva (D)
  A fire giant (D)
  Louise (D)
  A deep elf sorcerer (D)
  2 cacodemons (D)
  2 ghost moths (D)
  A draconian shifter (D)
  3 orc warlords (D)
  2 balrugs (D)
  3 frost giants (D)
  A quicksilver ooze (D)
  2 reapers (D)
  2 draconian stormcallers (D)
  A draconian annihilator (D)
  A spriggan defender (D)
  A vampire knight (D)
  An ophan (D)
  A green draconian (D)
  2 stone giants (D)
  An apis (D)
  3 deep elf demonologists (D)
  2 lorocyprocas (D)
  A black draconian (D)
  4 dire elephants (D)
  A purple draconian (D)
  2 minotaurs (D)
  2 yellow draconians (D)
  3 deep elf annihilators (D)
  3 white draconians (D)
  An eidolon (D)
  2 deep elf death magi (D)
  2 blizzard demons (D)
  An ettin (D)
  5 fire dragons (D)
  3 green deaths (D)
  2 mummy priests (D)
  A yaktaur captain (D)
  3 deep elf high priests (D)
  A vault guard (D)
  3 hydras (D)
  A rakshasa (D)
  A boulder beetle (D)
  A hell beast (D)
  2 spriggan air magi (D)
  3 ice dragons (D)
  4 ogre magi (D)
  4 catoblepae (D)
  A merfolk aquamancer (D)
  2 death knights (D)
  4 two-headed ogres (D)
  10 death yaks (D)
  A deep troll shaman (D)
  3 spriggan berserkers (D)
  A vampire mage (D)
  2 orc high priests (D)
  3 sun demons (D)
  7 hell knights (D)
  3 soul eaters (D)
  A deep elf knight (D)
  A fire crab (D)
  A skeletal warrior (D)
  A cherub (D)
  A shadow wraith (D)
  2 iron trolls (D)
  A sixfirhy (D)
  2 deep trolls (D)
  4 lindwurms (D)
  A necromancer (D)
  A deep elf pyromancer (D)
  2 swamp dragons (D)
  6 orc knights (D)
  2 harpies (D)
  An ugly thing (D)
  2 wolf spiders (D)
  A moth of wrath (D)
  A merfolk siren (D)
  2 naga magi (D)
  6 elephants (D)
  An eye of devastation (D)
  2 smoke demons (D)
  4 yaktaurs (D)
  2 hellions (D)
  7 rime drakes (D)
  2 orange demons (D)
  6 komodo dragons (D)
  2 tormentors (D)
  2 ice devils (D)
  2 efreet (D)
  3 jumping spiders (D)
  3 red devils (D)
  2 trolls (D)
  A tyrant leech (D)
  3 slime creatures (D)
  A hornet (D)
  A merfolk (D)
  3 blink frogs (D)
  A snapping turtle (D)
  2 ghosts (D)
  An air elemental (D)
  2 flying skulls (D)
  A small abomination (D)
  6 redbacks (D)
  2 spriggans (D)
  2 large abominations (D)
  5 wyverns (D)
  5 water elementals (D)
  A wraith (D)
  A ynoxinul (D)
  Eustachio (D)
  3 steam dragons (D)
  6 yaks (D)
  5 basilisks (D)
  2 golden eyes (D)
  2 neqoxecs (D)
  4 vampire mosquitoes (D)
  A chaos spawn (D)
  2 wargs (D)
  3 nagas (D)
  3 acid dragons (D)
  4 floating eyes (D)
  3 swamp drakes (D)
  A sky beast (D)
  3 orc warriors (D)
  2 necrophages (D)
  4 wolves (D)
  8 ogres (D)
  3 centaurs (D)
  3 bullfrogs (D)
  A gnoll sergeant (D)
  3 killer bees (D)
  2 gnoll shamans (D)
  4 orc priests (D)
  A jelly (D)
  A hell rat (D)
  3 mummies (D)
  13 gnolls (D)
  An adder (D)
  A river rat (D)
  An ooze (D)
  An ufetubus (D)
  A worm (D)
  A leopard gecko (D)
  8 orcs (D)
  A ball python (D)
  A bat skeleton (D)
  A goblin (D)
  10 jackals (D)
  A quokka (D)
  2 bats (D)
  3 bat simulacra (D)
  A kobold (D)
508 creatures vanquished.

Vanquished Creatures (collateral kills)
  Antaeus (D)
  Arachne (D)
  A fire giant (D)
  A nagaraja (D)
  A pandemonium lord (D)
  An orc warlord (D)
  2 dire elephants (D)
  A hydra (D)
  2 vault guards (D)
  A catoblepas (D)
  A two-headed ogre (D)
  A deep elf knight (D)
  4 skeletal warriors (D)
  A swamp dragon (D)
  2 lindwurms (D)
  5 orc knights (D)
  A naga mage (D)
  2 rime drakes (D)
  A wyvern (D)
  2 basilisks (D)
  A chaos spawn (D)
33 creatures vanquished.

Vanquished Creatures (others)
  A fire giant (D)
  A draconian shifter (D)
  A two-headed ogre (D)
  A necromancer (D)
  An orc knight (D)
  A fire elemental (D)
  2 golden eyes (D)
  A basilisk (D)
  A swamp drake (D)
10 creatures vanquished.

Grand Total: 551 creatures vanquished

Notes
Turn   | Place    | Note
-------+----------+-------------------------------------------
     0 | D        | mhtbhm the Minotaur Fighter began the quest for the Orb.
     0 | D        | Reached XP level 1. HP: 19/19 MP: 0/0
    20 | D        | Found a bloodstained altar of Trog.
    20 | D        | Found a shimmering blue altar of Sif Muna.
    20 | D        | Found a viscous altar of Jiyva.
    20 | D        | Found a hazy altar of Hepliaklqana.
    20 | D        | Found an opulent altar of Gozag.
    21 | D        | Found a glowing golden altar of the Shining One.
    21 | D        | Found a glowing silver altar of Zin.
    21 | D        | Found a basalt altar of Yredelemnul.
    21 | D        | Found a shimmering altar of Xom.
    21 | D        | Found an ornate altar of the Wu Jian Council.
    21 | D        | Found a sacrificial altar of Ru.
    21 | D        | Found a stormy altar of Qazlal.
    21 | D        | Found an iron altar of Okawaru.
    21 | D        | Found a sparkling altar of Nemelex Xobeh.
    21 | D        | Found a burning altar of Makhleb.
    21 | D        | Found a blossoming altar of Fedhas.
    21 | D        | Found a white marble altar of Elyvilon.
    21 | D        | Found a shadowy altar of Dithmenos.
    21 | D        | Found a snail-covered altar of Cheibriados.
    23 | D        | Found a radiant altar of Vehumet.
    23 | D        | Found a corrupted altar of Lugonu.
    25 | D        | Became a worshipper of Trog the Wrathful
    68 | D        | Reached * piety under Trog
    69 | D        | Reached skill level 5 in Armour
    69 | D        | Reached XP level 2. HP: 25/28 MP: 1/1
    86 | D        | Reached ** piety under Trog
    87 | D        | Reached skill level 5 in Fighting
    91 | D        | Upgraded the game from 0.27-a0-604-g29a88b33a7 to
                  | 0.27-a0-633-gc6addc0a40
   227 | D        | Noticed a flying skull
   234 | D        | Reached *** piety under Trog
   238 | D        | Killed a flying skull
   239 | D        | Reached XP level 3. HP: 20/39 MP: 2/2
   239 | D        | Reached XP level 4. HP: 24/47 MP: 3/3
   239 | D        | Reached XP level 5. HP: 27/52 MP: 4/4
   239 | D        | Reached **** piety under Trog
   458 | D        | Noticed a necrophage
   458 | D        | Noticed a centaur
   465 | D        | Killed a centaur
   465 | D        | Reached ***** piety under Trog
   466 | D        | Reached XP level 6. HP: 61/61 MP: 5/5
   467 | D        | Noticed an orc warrior
   468 | D        | Received a gift from Trog
   477 | D        | Killed an orc warrior
   478 | D        | Reached skill level 10 in Armour
   478 | D        | Reached XP level 7. HP: 70/70 MP: 6/6
   536 | D        | Reached skill level 10 in Shields
   553 | D        | Reached ****** piety under Trog
   554 | D        | Reached skill level 10 in Axes
   554 | D        | Received a gift from Trog
   674 | D        | Found a hide-covered altar of Uskayaw.
   674 | D        | Found an ancient bone altar of Kikubaaqudgha.
   674 | D        | Found a broken altar of Ashenzari.
   706 | D        | Noticed a wraith
   706 | D        | Noticed a deep elf pyromancer
   709 | D        | Noticed a fire elemental
   710 | D        | Noticed a fire elemental
   710 | D        | Noticed a fire elemental
   715 | D        | Reached skill level 10 in Fighting
   716 | D        | Killed a deep elf pyromancer
   717 | D        | Reached XP level 8. HP: 81/81 MP: 7/7
   717 | D        | Received a gift from Trog
   718 | D        | Reached skill level 5 in Dodging
   862 | D        | Noticed a small abomination
   863 | D        | Noticed a death yak
   871 | D        | Killed a death yak
   871 | D        | Killed a small abomination
   872 | D        | Reached XP level 9. HP: 89/89 MP: 8/8
   952 | D        | Noticed a merfolk
   956 | D        | Received a gift from Trog
   959 | D        | Noticed a troll
   967 | D        | Killed a troll
   968 | D        | Noticed a merfolk siren
   971 | D        | Killed a merfolk
   971 | D        | Received a gift from Trog
   972 | D        | Reached skill level 15 in Axes
   981 | D        | Killed a merfolk siren
  1110 | D        | Noticed an efreet
  1110 | D        | Noticed a two-headed ogre
  1110 | D        | Noticed a jumping spider
  1116 | D        | Killed an efreet
  1117 | D        | Reached XP level 10. HP: 100/100 MP: 9/9
  1118 | D        | Killed a two-headed ogre
  1224 | D        | Noticed a boulder beetle
  1225 | D        | Noticed a swamp dragon
  1229 | D        | Gained mutation: Potions are less effective at restoring
                  | your health. [a neqoxec]
  1233 | D        | Killed a swamp dragon
  1243 | D        | Killed a boulder beetle
  1243 | D        | Received a gift from Trog
  1294 | D        | Noticed a smoke demon
  1306 | D        | Killed a smoke demon
  1654 | D        | Noticed an orc high priest
  1654 | D        | Noticed a minotaur
  1654 | D        | Noticed Eustachio
  1663 | D        | Received a gift from Trog
  1673 | D        | Killed an orc high priest
  1674 | D        | Reached skill level 15 in Shields
  1674 | D        | Reached XP level 11. HP: 110/110 MP: 10/10
  1675 | D        | Received a gift from Trog
  1680 | D        | Killed a minotaur
  1684 | D        | Identified the +4 hand axe "Zevyas" {vorpal, Will+ Dex+2}
                  | (Trog gifted it to you in the Dungeon)
  1684 | D        | Received a gift from Trog
  1692 | D        | Received a gift from Trog
  1693 | D        | Killed Eustachio
  1694 | D        | Reached skill level 15 in Fighting
  2012 | D        | Noticed Arachne
  2012 | D        | Noticed a minotaur
  2012 | D        | Noticed a deep elf demonologist
  2012 | D        | Noticed a dire elephant
  2012 | D        | Noticed a fire giant
  2012 | D        | Noticed an ogre mage
  2012 | D        | Noticed a two-headed ogre
  2023 | D        | Killed a minotaur
  2027 | D        | Killed a deep elf demonologist
  2030 | D        | Killed Arachne
  2033 | D        | Reached skill level 1 in Stealth
  2042 | D        | Killed a fire giant
  2042 | D        | Received a gift from Trog
  2043 | D        | Reached skill level 15 in Armour
  2043 | D        | Reached XP level 12. HP: 30/124 MP: 11/11
  2044 | D        | Killed an ogre mage
  2044 | D        | Killed a two-headed ogre
  2045 | D        | Killed a dire elephant
  2410 | D        | Received a gift from Trog
  2610 | D        | Received a gift from Trog
  2742 | D        | Received a gift from Trog
  2844 | D        | Noticed a two-headed ogre
  2849 | D        | Received a gift from Trog
  2850 | D        | Killed a two-headed ogre
  2921 | D        | Noticed a Tzitzimitl
  2932 | D        | Killed a Tzitzimitl
  2933 | D        | Reached skill level 1 in Evocations
  2982 | D        | Noticed a bone dragon
  2994 | D        | Killed a bone dragon
  2995 | D        | Reached XP level 13. HP: 137/137 MP: 12/12
  3071 | D        | Noticed an orc warlord
  3071 | D        | Noticed an orc warlord
  3081 | D        | Killed an orc warlord
  3085 | D        | Received a gift from Trog
  3089 | D        | Killed an orc warlord
  3099 | D        | Received a gift from Trog
  3102 | D        | Noticed a nagaraja
  3105 | D        | Received a gift from Trog
  3109 | D        | Killed a nagaraja
  3112 | D        | Reached skill level 5 in Stealth
  3398 | D        | Received a gift from Trog
  3461 | D        | Found the -2 hat of the Alchemist {rElec rPois rF+ rC+ rN+
                  | Will+ rMut rCorr}
  3505 | D        | Got the -1 cloak of Catatonia {rElec}
  3625 | D        | Noticed an Ice Fiend
  3631 | D        | Killed an Ice Fiend
  3801 | D        | Noticed a golden dragon
  3813 | D        | Killed a golden dragon
  4071 | D        | Noticed a pearl dragon
  4077 | D        | Killed a pearl dragon
  4078 | D        | Reached XP level 14. HP: 99/151 MP: 13/13
  4229 | D        | Noticed an ancient lich
  4243 | D        | Killed an ancient lich
  4243 | D        | Received a gift from Trog
  4244 | D        | Reached skill level 10 in Stealth
  4395 | D        | Noticed a deep elf blademaster
  4395 | D        | Noticed a golden dragon
  4395 | D        | Noticed a vampire knight
  4407 | D        | Killed a golden dragon
  4408 | D        | Killed a vampire knight
  4415 | D        | Killed a deep elf blademaster
  4461 | D        | Noticed a Hell Sentinel
  4469 | D        | Killed a Hell Sentinel
  4469 | D        | Received a gift from Trog
  4604 | D        | Noticed the 27-headed Lernaean hydra
  4612 | D        | Killed the 23-headed Lernaean hydra
  4727 | D        | Noticed the Royal Jelly
  4730 | D        | Noticed an azure jelly
  4730 | D        | Noticed a rockslime
  4731 | D        | Noticed a rockslime
  4739 | D        | Killed an azure jelly
  4740 | D        | Noticed an acid blob
  4743 | D        | Killed a rockslime
  4743 | D        | Noticed a quicksilver ooze
  4745 | D        | Killed the Royal Jelly
  4745 | D        | Noticed a rockslime
  4746 | D        | Reached XP level 15. HP: 76/166 MP: 6/14
  4753 | D        | Killed a rockslime
  4753 | D        | Killed a rockslime
  4758 | D        | Killed an acid blob
  5119 | D        | Noticed an orb of fire
  5137 | D        | Killed an orb of fire
  5140 | D        | Noticed an orc warlord
  5155 | D        | Killed an orc warlord
  5302 | D        | Noticed an iron dragon
  5303 | D        | Received a gift from Trog
  5317 | D        | Killed an iron dragon
  5430 | D        | Received a gift from Trog
  5430 | D        | Noticed an ancient lich
  5434 | D        | Noticed Xtahua
  5440 | D        | Killed an ancient lich
  5450 | D        | Paralysed by Xtahua for 6 turns
  5457 | D        | Killed Xtahua
  5458 | D        | Reached skill level 27 in Axes
  5617 | D        | Noticed a hellephant
  5625 | D        | Killed a hellephant
  5625 | D        | Received a gift from Trog
  5825 | D        | Noticed a shadow dragon
  5836 | D        | Killed a shadow dragon
  5909 | D        | Noticed a royal mummy
  5921 | D        | Killed a royal mummy
  5922 | D        | Reached skill level 27 in Fighting
  5958 | D        | Noticed a Killer Klown
  5958 | D        | Noticed Xeesuw the pandemonium lord
  5958 | D        | Noticed Margery
  5966 | D        | Noticed a tentacled monstrosity
  5968 | D        | Noticed a tentacled monstrosity
  5974 | D        | Killed Xeesuw the pandemonium lord
  5975 | D        | Reached XP level 16. HP: 183/183 MP: 15/15
  5977 | D        | Killed a Killer Klown
  5977 | D        | Received a gift from Trog
  5979 | D        | Killed Margery
  5980 | D        | Reached skill level 27 in Shields
  6036 | D        | Noticed a quicksilver dragon
  6045 | D        | Killed a quicksilver dragon
  6169 | D        | Noticed Igitogal the pandemonium lord
  6180 | D        | Killed Igitogal the pandemonium lord
  6256 | D        | Noticed Antaeus
  6278 | D        | Killed Antaeus
  6278 | D        | Received a gift from Trog
  6279 | D        | Reached skill level 27 in Armour
  6530 | D        | Noticed a golden dragon
  6538 | D        | Killed a golden dragon
  6542 | D        | Noticed a Hell Sentinel
  6557 | D        | Killed a Hell Sentinel
  6682 | D        | Noticed Mennas
  6682 | D        | Noticed Khufu
  6700 | D        | Killed Khufu
  6707 | D        | Noticed a royal mummy
  6761 | D        | Killed Mennas
  6761 | D        | Received a gift from Trog
  6762 | D        | Reached skill level 10 in Dodging
  6762 | D        | Reached XP level 17. HP: 73/191 MP: 18/18
  6770 | D        | Killed a royal mummy
  7071 | D        | Received a gift from Trog
  7079 | D        | Noticed a Brimstone Fiend
  7083 | D        | Killed a Brimstone Fiend
  7329 | D        | Noticed an Ice Fiend
  7329 | D        | Noticed an acid blob
  7335 | D        | Killed an Ice Fiend
  7335 | D        | Noticed a Tzitzimitl
  7336 | D        | Reached skill level 10 in Throwing
  7338 | D        | Killed an acid blob
  7338 | D        | Noticed an electric golem
  7341 | D        | Killed a Tzitzimitl
  7342 | D        | Reached skill level 10 in Evocations
  7350 | D        | Killed an electric golem
  7594 | D        | Noticed a royal mummy
  7600 | D        | Killed a royal mummy
  7600 | D        | Received a gift from Trog
  7601 | D        | Reached skill level 15 in Stealth
  7824 | D        | Noticed an Ice Fiend
  7824 | D        | Noticed a golden dragon
  7836 | D        | Killed a golden dragon
  7837 | D        | Killed an Ice Fiend
  7838 | D        | Noticed an Ice Fiend
  7838 | D        | Noticed Reota the pandemonium lord
  7841 | D        | Reached skill level 15 in Dodging
  7844 | D        | Killed an Ice Fiend
  7858 | D        | Killed Reota the pandemonium lord
  8146 | D        | Noticed a Hell Sentinel
  8146 | D        | Noticed a lich
  8150 | D        | Killed a lich
  8150 | D        | Received a gift from Trog
  8163 | D        | Killed a Hell Sentinel
  8302 | D        | Got the +11 broad axe of Onichid {speed, rPois rC+ SInv}
  8305 | D        | Got the ring "Mashrasi" {Will+ Dex+3}
  8325 | D        | Got the ring "Myixkos" {rPois rC- rN+ Slay+4}
  8327 | D        | Got the amulet "Baqaofre" {rElec Regen+ Int-2 Slay+2}
  8329 | D        | Got an iron rune of Zot
  8331 | D        | Got the ring of Yzait {rC+ Str+6 Int+6}
  8333 | D        | Got the ring "Qemaf" {rC+ Int+4}
  8335 | D        | Got the ring of Hiweke {rC++ Will+ Str+2 Slay+3 Stlth-}
  8339 | D        | Got the amulet "Qigiot" {Acrobat Dex+3}
  8341 | D        | Got the ring "Caminae" {Wiz Will+ SInv}
  8345 | D        | Got the ring of the Suburbs {Will+ SInv}
  8347 | D        | Got the ring "Uwib" {rC+ Str+6}
  8349 | D        | Got the ring of Awe {rF+ Int+4}
  8498 | D        | Noticed an electric golem
  8508 | D        | Killed an electric golem
  8651 | D        | Noticed a deep elf master archer
  8652 | D        | Received a gift from Trog
  8660 | D        | Killed a deep elf master archer
  8674 | D        | Received a gift from Trog
  8681 | D        | Identified the +10 war axe "Beetle's Bane" {vorpal, rPois
                  | rC+ Int-3}
  8682 | D        | Reached skill level 15 in Throwing
  8687 | D        | Received a gift from Trog
  8697 | D        | Received a gift from Trog
  8716 | D        | Got the ring of the Sparrow {Fire *Drain rPois Slay+6
                  | Stlth+}
  8937 | D        | Noticed an ancient lich
  8939 | D        | Received a gift from Trog
  8945 | D        | Reached XP level 18. HP: 200/200 MP: 19/19
  8951 | D        | Killed an ancient lich
  8951 | D        | Received a gift from Trog
  8954 | D        | Noticed a Hell Sentinel
  8963 | D        | Received a gift from Trog
  8981 | D        | Received a gift from Trog
  9079 | D        | Received a gift from Trog
  9187 | D        | Got the amulet of Kogo {RegenMP +Blink rElec rF+}
  9189 | D        | Got the amulet of Dishonesty {Acrobat Will+ Str-3 Int+2
                  | Stlth+}
  9191 | D        | Got the ring "Jecs" {rC+ Str+2 Int+4}
  9193 | D        | Got the ring of Tomorrow {+Blink rPois}
  9195 | D        | Got the amulet of Losuarhumoi {rPois Will+ Regen+ SInv}
  9199 | D        | Got the ring of Cheibriados's Pride {Str+6 Stlth+}
  9201 | D        | Got the amulet "Lishusosch" {rPois rN+ Regen+ Int+3}
  9203 | D        | Got the ring "Ureotteb" {*Corrode rPois Str+6 Dex+5 Slay+3}
  9205 | D        | Got the ring of Wuedob {Ice Int+2}
  9207 | D        | Got the amulet "Jafawimy" {RegenMP Int+7}
  9209 | D        | Got the amulet "Zetebaush" {RegenMP rElec MP+9 Str-3 Int+5}
  9211 | D        | Got the ring of Due Proportion {rElec rF+ rC+ Will+ Dex+4}
  9213 | D        | Got the amulet "Uttajatra" {RegenMP *Corrode rC++ Int+4}
  9229 | D        | Got the ring of the Philosopher {rF+ Str+6}
  9231 | D        | Got the ring of Hard Scrabble {Str+6 Int-4 Dex+5}
  9233 | D        | Got the ring of Qaorgh {Ice Will+}
  9235 | D        | Got the ring of Suspected Treachery {*Slow rF+ rC+ Stlth+}
  9237 | D        | Got the ring of Xuur {rF+ rC+ Int+6}
  9239 | D        | Got the ring "Emmas" {*Corrode +Fly rPois Will- Dex+6}
  9242 | D        | Got the ring of Edghew {*Drain rPois EV+6 Dex-4 Stlth+}
  9244 | D        | Got the ring "Pyategh" {*Drain rPois rC- Dex+7 SInv}
  9248 | D        | Got the ring of Sixkuclo {rN+ Str+6 Stlth+}
  9251 | D        | Got the ring of the Fiend {Str+2 Dex+6}
  9278 | D        | Got the ring of Ashenzari's Hatred {rPois Str+7 Int-2 Dex+3
                  | Slay+3}
  9280 | D        | Got the ring of the Death Scarab {rC+ rN+ AC+6 Int+4}
  9389 | D        | Received a gift from Trog
  9455 | D        | Noticed Louise
  9465 | D        | Received a gift from Trog
  9469 | D        | Killed Louise
  9537 | D        | Received a gift from Trog
  9539 | D        | Gained mutation: Scrolls take you a little longer to read.
                  | [a cacodemon]
  9745 | D        | Received a gift from Trog
  9769 | D        | Noticed a bone dragon
  9780 | D        | Killed a bone dragon
  9790 | D        | Received a gift from Trog
  9943 | D        | Received a gift from Trog
  9944 | D        | Reached skill level 27 in Stealth
  9955 | D        | Noticed an Ice Fiend
  9955 | D        | Noticed a lich
  9955 | D        | Noticed a bone dragon
  9963 | D        | Killed an Ice Fiend
  9964 | D        | Reached skill level 15 in Evocations
  9965 | D        | Killed a bone dragon
  9969 | D        | Killed a lich
 10039 | D        | Noticed a hellephant
 10044 | D        | Received a gift from Trog
 10062 | D        | Killed a hellephant
 10103 | D        | Reached XP level 19. HP: 207/207 MP: 20/20
 10117 | D        | Received a gift from Trog
 10206 | D        | Got the ring "Xuliel" {rF+ rC+ Will+}
 10208 | D        | Got the ring of Obafux {+Fly rC+ Str+6}
 10210 | D        | Got the amulet of Tasesed {Reflect Str+3 SH+5}
 10212 | D        | Got the ring of Laom {rPois rF+ rN+}
 10214 | D        | Got the ring "Miampaca" {*Slow +Fly Will+ MP+9 Str+5 Int+4}
 10216 | D        | Got the ring "Woyj" {rF+ rC+++ Will+ Str-2 Dex+2}
 10218 | D        | Got the ring "Kagewi" {rC+ Slay+4}
 10220 | D        | Got the ring of the Philosopher {*Drain rC++ Str+2 Dex+6
                  | Stlth+}
 10298 | D        | Identified the +1 broad axe "Neebeag" {vorpal, rC+ Dex+4}
                  | (Trog gifted it to you in the Dungeon)
 10298 | D        | Received a gift from Trog
 10311 | D        | Received a gift from Trog
 10322 | D        | Received a gift from Trog
 10328 | D        | Received a gift from Trog
 10350 | D        | Received a gift from Trog
 10358 | D        | Received a gift from Trog
 10368 | D        | Received a gift from Trog
 10400 | D        | Noticed Nikola
 10408 | D        | Received a gift from Trog
 10413 | D        | Paralysed by a floating eye for 2 turns
 10422 | D        | Received a gift from Trog
 10428 | D        | Received a gift from Trog
 10429 | D        | Paralysed by a floating eye for 2 turns
 10435 | D        | Received a gift from Trog
 10447 | D        | Killed Nikola
 10451 | D        | Received a gift from Trog
 10458 | D        | Paralysed by a floating eye for 4 turns
 10554 | D        | Received a gift from Trog
 10755 | D        | Noticed a golden dragon
 10762 | D        | Received a gift from Trog
 10769 | D        | Killed a golden dragon
 10769 | D        | Received a gift from Trog
 10799 | D        | Received a gift from Trog
 10805 | D        | Received a gift from Trog
 10810 | D        | Received a gift from Trog
 10814 | D        | Received a gift from Trog
 10831 | D        | Got a silver rune of Zot
 10901 | D        | Got the amulet "Sone" {Spirit rN+ Int-3 SInv}
 11028 | D        | Noticed an ancient lich
 11031 | D        | Reached XP level 20. HP: 216/216 MP: 21/21
 11036 | D        | Received a gift from Trog
 11048 | D        | Killed an ancient lich
 11050 | D        | Received a gift from Trog
 11216 | D        | Lost mutation: Scrolls take you a little longer to read.
                  | [potion of mutation]
 11216 | D        | Lost mutation: Potions are less effective at restoring your
                  | health. [potion of mutation]
 11217 | D        | Noticed Boris
 11218 | D        | Noticed a curse toe
 11231 | D        | Reached skill level 27 in Dodging
 11234 | D        | Identified the +13 hand axe of the Moth {flame, *Contam
                  | *Rage Dex+9 SInv} (Trog gifted it to you in the Dungeon)
 11234 | D        | Received a gift from Trog
 11236 | D        | Killed Boris
 11241 | D        | Killed a curse toe
 11244 | D        | Received a gift from Trog
 11305 | D        | Noticed Frederick
 11316 | D        | Killed Frederick
 11320 | D        | Reached skill level 27 in Throwing
 11326 | D        | Received a gift from Trog
 11559 | D        | Noticed an ancient lich
 11564 | D        | Found the +7 sceptre of Asmodeus
 11564 | D        | Noticed Asmodeus
 11567 | D        | Reached skill level 27 in Evocations
 11581 | D        | Killed an ancient lich
 11591 | D        | Killed Asmodeus
 11592 | D        | Reached skill level 10 in Slings
 11592 | D        | Reached skill level 10 in Bows
 11592 | D        | Reached skill level 10 in Crossbows
 11597 | D        | Received a gift from Trog
 11625 | D        | Reached skill level 10 in Invocations
 11651 | D        | Noticed a royal mummy
 11651 | D        | Noticed Mara
 11670 | D        | Killed a royal mummy
 11671 | D        | Reached XP level 21. HP: 100/224 MP: 26/28
 11672 | D        | Noticed mhtbhm's illusion
 11677 | D        | Killed Mara
 11677 | D        | Identified the +7 falchion "Gomuw" {vorpal, rElec rF+ rC++
                  | Str-3} (Trog gifted it to you in the Dungeon)
 11677 | D        | Received a gift from Trog
 11930 | D        | Noticed a profane servitor
 11947 | D        | Killed a profane servitor
 11961 | D        | Received a gift from Trog
 11962 | D        | Reached skill level 15 in Slings
 11962 | D        | Reached skill level 15 in Bows
 11962 | D        | Reached skill level 15 in Crossbows
 12138 | D        | Noticed an orb of fire
 12141 | D        | Gained mutation: You occasionally shout uncontrollably at
                  | your foes. [an orb of fire]
 12150 | D        | Killed an orb of fire
 12151 | D        | Reached skill level 15 in Invocations
 12216 | D        | Received a gift from Trog
 12238 | D        | Noticed an orb of fire
 12240 | D        | Received a gift from Trog
 12247 | D        | Received a gift from Trog
 12253 | D        | Killed an orb of fire
 12264 | D        | Received a gift from Trog
 12322 | D        | Noticed a Killer Klown
 12323 | D        | Noticed an ancient lich
 12324 | D        | Noticed Ereshkigal
 12334 | D        | Killed an ancient lich
 12338 | D        | Killed a Killer Klown
 12365 | D        | Killed Ereshkigal
 12366 | D        | Reached XP level 22. HP: 233/233 MP: 33/35
 12376 | D        | Got the Orb of Zot
 12492 | D        | Noticed Ymuittin the pandemonium lord
 12504 | D        | Killed Ymuittin the pandemonium lord
 12507 | D        | Identified the +8 hand axe of Diet Blood {vorpal, +Fly rF+
                  | Str-4 Int+4} (Trog gifted it to you in the Dungeon)
 12507 | D        | Received a gift from Trog
 12551 | D        | Escaped with the Orb!

Illustrated notes

Levels and vault maps discovered:
D:        pitsprint [storerooms_1, entrance_room_1, metal_vault_1, armoury_1,
          mini_pit_1, grid_room_1, main_hall_1, silver_pit, the_coven_3,
          the_vestibule_1, steel_vault_4, golden_pit, hallway_of_sentries,
          crystal_vault_4, iron_vault_2, final_vault]

Skill      XL: |  1  2  3  4  5  6  7  8  9 10 11 12 13 14 15 16 17 18 19 20 21 22 |
---------------+-------------------------------------------------------------------+-----
Fighting       | 4 7 8 9 10 11 12 14 16 19 21 24 27 | 27.0
Armour         | 5 7 8 10 11 12 13 15 16 17 20 23 27 | 27.0
Axes           | 3 6 7 9 11 13 15 18 20 22 23 25 27 | 27.0
Shields        | 4 7 8 9 11 12 13 15 16 18 20 22 26 27 | 27.0
Dodging        | 2 3 4 5 6 10 17 19 25 27 | 27.0
Stealth        | 1 2 9 11 12 17 27 | 27.0
Evocations     | 1 7 14 16 21 27 | 27.0
Short Blades   | 4 |  4.1
Long Blades    | 4 |  4.5
Maces & Flails | 4 |  4.2
Polearms       | 4 |  4.2
Staves         | 4 |  4.2
Slings         | 3 12 21 22 | 22.1
Bows           | 3 12 21 22 | 22.1
Crossbows      | 3 12 21 22 | 22.1
Throwing       | 7 15 17 23 27 | 27.0
Unarmed Combat | 3 |  3.8
Invocations    | 3 11 20 | 20.6

Action                   |  1- 3 |  4- 6 |  7- 9 | 10-12 | 13-15 | 16-18 | 19-21 | 22-24 || total
-------------------------+-------+-------+-------+-------+-------+-------+-------+-------++-------
Melee: Hand axe          |    26 |    17 |    20 |       |       |       |       |       ||    63
       War axe           |     3 |       |       |       |       |       |       |       ||     3
       Headbutt          |     2 |     4 |    17 |    39 |    70 |   139 |   146 |    10 ||   427
       Broad axe         |       |       |    60 |   166 |   268 |   493 |   481 |    24 ||  1492
Invok: Berserk           |     2 |     1 |     5 |     7 |    10 |    13 |     9 |     1 ||    48
       Brothers in Arms  |       |       |       |     2 |     4 |     5 |     1 |       ||    12
       Trog's Hand       |       |       |       |       |     3 |     1 |       |       ||     4
Evoke: Wand              |       |       |       |     1 |       |       |       |       ||     1
  Use: Potion            |       |       |       |     6 |     2 |     6 |     2 |     1 ||    17
       Scroll            |       |       |       |     1 |       |       |     8 |       ||     9
 Stab: Distracted        |       |       |       |     1 |       |     1 |     1 |       ||     3
       Invisible         |       |       |       |       |    11 |       |       |       ||    11
       Petrified         |       |       |       |       |       |       |     7 |       ||     7
       Petrifying        |       |       |       |       |       |       |     4 |       ||     4
       Confused          |       |       |       |       |       |       |     1 |       ||     1
Armor: Scale mail        |    17 |       |       |       |       |       |       |       ||    17
       Chain mail        |       |     1 |     6 |       |       |       |       |       ||     7
       Plate armour      |       |       |    22 |    77 |    16 |       |       |       ||   115
       Gold dragon scale |       |       |       |       |   149 |   162 |   261 |     1 ||   573
Dodge: Dodged            |    11 |     4 |    24 |    37 |    65 |    71 |   118 |     2 ||   332
Block: Kite shield       |    18 |    12 |    47 |   124 |   133 |    90 |       |       ||   424
       Tower shield      |       |       |       |       |       |   293 |   451 |    18 ||   762

Table legend: (Time is in decaauts) A = Elapsed time spent in this place. B = Non-inter-level travel time spent in this place. C = Inter-level travel time spent in this place. D = Time resting spent in this place. E = Time spent auto-exploring this place. F = Levels seen in this place. G = Mean time per level. A B C D E F G +--------+--------+--------+--------+--------+-----+--------+ Total | 12350 | 12338 | 12 | 7634 | 260 | 1 | 12350.0 | Dungeon | 12350 | 12338 | 12 | 7634 | 260 | 1 | 12350.0 | +--------+--------+--------+--------+--------+-----+--------+

Top non-repeatable levels by time:
       D: 12350 daAuts
